Map: Apotheosis LE

Players

Ezend

  • Race: Terran Terran
  • League: Diamond

Stalker - Winner!

  • Race: Protoss Protoss
  • League: Diamond

VOD

Have the link to the VOD?

Description

Time

  • Played on: Sept. 13, 2016, 10:21 p.m.
  • Length: 3:57
Show
View Real Time Build Order
Export as new Build Order

Ezend Terran 

Build Orders:  

Get SALT Encoding   

  12  0:02  SCV  
  14  0:14  SCV  
  14  0:17  Supply Depot  
  14  0:26  SCV  
  15  0:39  SCV  
  15  0:41  Barracks  
  16  0:45  Refinery  
  16  0:51  SCV  
  17  1:03  SCV  
  18  1:28  Marine  
  18  1:29  Orbital Command  
  19  1:33  Supply Depot  
  19  1:49  Factory  
  19  1:56  SCV  
  19  2:00  Marine  
  21  2:08  SCV  
  22  2:20  Command Center, SCV  
  23  2:29  Marine  
  23  2:41  SCV  
  24  2:44  Starport, Factory Tech Lab  
  24  2:47  Refinery  
  24  2:53  SCV  
  24  2:56  Marine  
  24  3:14  Marine  
  24  3:29  Supply Depot  
  24  3:31  Marine  
Show
View Real Time Build Order
Export as new Build Order

Stalker Protoss - Winner!

Build Orders: Oracle Opening 

Get SALT Encoding   

  12  0:01  Probe (Chrono Boost)  
  13  0:13  Probe (Chrono Boost)  
  14  0:20  Pylon  
  14  0:23  Probe (Chrono Boost)  
  15  0:38  Gateway, Probe (Chrono Boost)  
  16  0:49  Probe (Chrono Boost)  
  17  0:50  Assimilator  
  17  0:59  Probe (Chrono Boost)  
  17  1:03  Assimilator  
  18  1:10  Probe (Chrono Boost)  
  19  1:16  Pylon  
  19  1:20  Probe (Chrono Boost)  
  20  1:28  Cybernetics Core  
  20  1:31  Probe (Chrono Boost)  
  21  1:37  Pylon  
  21  1:41  Probe (Chrono Boost)  
  22  1:52  Probe (Chrono Boost)  
  23  2:03  Probe (Chrono Boost), Adept  
  23  2:04  Stargate  
  27  2:15  Probe (Chrono Boost)  
  27  2:27  Probe (Chrono Boost)  
  28  2:30  Pylon  
  28  2:35  Adept  
  28  2:40  Probe (Chrono Boost)  
  31  2:44  Oracle  
  35  2:52  Probe (Chrono Boost)  
  35  2:59  Pylon  
  36  3:06  Probe (Chrono Boost)  
  36  3:07  Adept  
  39  3:20  Mothership Core (Chrono Boost)  
  39  3:40  Probe (Chrono Boost)  
  40  3:54  Nexus  
Tags
 
Add a new tag
Caveats
  • Supply blocks, unpowered buildings, or Contaminate may cause inaccurate times.
  • Supply counts are checked every 10 seconds.